 Dungeon Crawl Stone Soup version 0.30.0-29-ga12c61a403 (webtiles) character file.

Game seed: 7448624143595495593

3470 Peloso the Carver (level 9, -1/109 (118) HPs)
             Began as a Minotaur Fighter on June 22, 2023.
             Was a Believer of Okawaru.
             Slain by a hornet (3 damage)
             ... while paralysed by a hornet
             ... on level 9 of the Dungeon.
             The game lasted 00:10:56 (7372 turns).

Peloso the Carver (Minotaur Fighter)                Turns: 7372, Time: 00:10:56

HP:   -1/109 (118)  AC: 12    Str: 23    XL:     9   Next: 79%
MP:   8/8           EV:  2    Int:  5    God:    Okawaru [**....]
Gold: 360           SH:  0    Dex: 12    Spells: 8/8 levels left

rFire   . . .        a - +0 long sword
rCold   . . .        d - +0 tower shield
rNeg    . . .        b - +0 scale mail
rPois   .            (helmet restricted)
rElec   .            C - +0 cloak
rCorr   .            (no gloves)
SInv    .            D - +1 pair of boots {Stlth+}
Will    .....        (no amulet) Stlth
                     f - +4 ring of slaying
HPRegen 0.38/turn    (no ring)
MPRegen 0.11/turn

%: no passive effects
@: paralysed, berserking, slowed, drained
A: horns 2, retaliatory headbutt
a: Renounce Religion, Heroism


You were on level 9 of the Dungeon.
You worshipped Okawaru.
Okawaru was pleased with you.
You visited 2 branches of the dungeon, and saw 10 of its levels.

You collected 360 gold pieces.

Inventory:

Hand Weapons
 a - a +0 long sword (weapon)
Armour
 b - a +0 scale mail (worn)
 c - a +0 buckler
 d - a +0 tower shield (worn)
 C - a +0 cloak (worn)
 D - a +1 pair of boots of stealth (worn)
Jewellery
 f - a +4 ring of slaying (left hand)
Wands
 t - a wand of flame (13)
 w - a wand of roots (5)
 y - a wand of acid (9)
 z - a wand of paralysis (6)
 B - a wand of digging (5)
Scrolls
 e - 4 scrolls of teleportation
 i - 2 scrolls of vulnerability {unknown}
 k - 2 scrolls of fog {unknown}
 l - 2 scrolls of noise {unknown}
 n - 3 scrolls of magic mapping {unknown}
 s - 2 scrolls of enchant weapon {unknown}
 u - a scroll of amnesia {unknown}
 F - a scroll of identify
Potions
 g - a potion of heal wounds
 h - a potion of curing
 j - a potion of magic
 m - a potion of brilliance
 o - a potion of berserk rage
 p - 5 potions of might
 q - 5 potions of degeneration {unknown}
 r - 2 potions of haste {unknown}
 v - a potion of resistance {unknown}
 x - 2 potions of cancellation {unknown}
 A - a potion of invisibility
 E - 2 potions of flight {unknown}


   Skills:
 + Level 7.0 Fighting
 + Level 10.1 Long Blades
 + Level 8.8 Armour
 + Level 3.6 Dodging
 + Level 1.1 Stealth
 + Level 8.4 Shields
 + Level 0.1 Invocations
 + Level 1.0 Evocations


You had 8 spell levels left.
You didn't know any spells.
Your spell library contained the following spells:

 Spells                   Type           Power      Damage    Failure   Level
 Magic Dart               Conj           0%         1d3       99%         1
 Ensorcelled Hibernation  Hex/Ice        0%         N/A       100%        2
 Searing Ray              Conj           0%         2d4       100%        2
 Spider Form              Tmut/Pois      0%         N/A       100%        3
 Anguish                  Hex/Necr       0%         N/A       100%        4
 Fulminant Prism          Conj/Hex       0%         3d5       100%        4
 Passage of Golubria      Tloc           0%         N/A       100%        4
 Yara's Violent Unravell  Hex/Tmut       0%         3d3       100%        5
 Tukima's Dance           Hex            Unusable   N/A       N/A         3

Dungeon Overview and Level Annotations

Branches:
Dungeon (9/15)             Temple (1/1) D:5
   Lair: D:8-11         Orc: D:9-12

Altars:
Ashenzari
Fedhas
Kikubaaqudgha
Makhleb
Nemelex Xobeh
Okawaru
Ru
Uskayaw
Xom
Yredelemnul

Annotations:
D:3 1 runed translucent door, Gravitas's ghost, weakling DsFE


Innate Abilities, Weirdness & Mutations

You have a pair of horns on your head.
You reflexively headbutt those who attack you in melee.


Message History

The wight closely misses you.
You feel better. You block the hornet's attack. The hornet barely misses you.
The wight hits you from afar with a +3 halberd.
* * * LOW HITPOINT WARNING * * *
You feel drained.
* * * LOW HITPOINT WARNING * * *
You block the wight's attack.
You feel much better. The hornet stings you!
You feel as though you will be slow longer.
The wight misses you. The hornet stings you.
You feel as though you will be slow longer.
The wight completely misses you. You block the hornet's attack.
You block the wight's attack.
The wight hits you from afar with a +3 halberd.
You feel drained.
A red film seems to cover your vision as you go berserk!
You feel yourself moving faster!
You feel mighty! You block the hornet's attack.
The wight hits you but does no damage. The wight closely misses you.
You furiously retaliate!
You headbutt the wight!
You destroy the wight!
Okawaru accepts your kill. The hornet stings you!
You feel as though you will be slow longer.
You slash the hornet!
The hornet is severely wounded.
You block the hornet's attack.
The wight hits you from afar with a +3 halberd!
* * * LOW HITPOINT WARNING * * *
You hit the hornet.
The hornet is severely wounded.
The hornet stings you.
* * * LOW HITPOINT WARNING * * *
You suddenly lose the ability to move!
The wight hits you from afar with a +3 halberd!
* * * LOW HITPOINT WARNING * * *
The hornet stings you!
* * * LOW HITPOINT WARNING * * *
You feel as though you will be slow longer.
The hornet stings you.
You die...

### ##>## #...# #.8.#
### ... ###.## #y#
#....### ####@##
#)....!###.#.).##...
##..........).8.z..8.>
#.........#.#...##...#
###...........##+##
### #..........##.#
#.#.........#.#
..#...........#
..#........####


You could see a hornet and a wight.

Vanquished Creatures
  An unseen horror (D:7)
  Grinder (D:6)
  A steam dragon (D:7)
  A water moccasin (D:8)
  3 black bears
  An ice beast (D:6)
  2 centaurs
  A phantom (D:7)
  Blork the orc (D:6)
  2 bullfrogs
  2 gnoll sergeants
  4 scorpions
  7 wights
  8 killer bees (D:8)
  6 hounds
  2 jellies
  3 orc priests
  A sleepcap (D:5)
  5 iguanas
  4 orc wizards
  Terence (D:3)
  14 gnolls
  8 adders
  3 white imps
  2 worms
  2 dart slugs
  14 orcs
  8 endoplasms
  A giant cockroach (D:4)
  6 hobgoblins
  3 jackals (D:4)
  3 quokkas
  10 ball pythons
  4 bats (D:2)
  A frilled lizard (D:2)
  7 goblins
  6 kobolds
  5 rats
154 creatures vanquished.

Notes
Turn   | Place    | Note
-------+----------+-------------------------------------------
     0 | D:1      | Peloso the Minotaur Fighter began the quest for the Orb.
     0 | D:1      | Reached XP level 1. HP: 19/19 MP: 0/0
   480 | D:2      | Reached XP level 2. HP: 17/27 MP: 1/1
   629 | D:2      | Reached XP level 3. HP: 31/33 MP: 2/2
   825 | D:2      | Reached skill level 3 in Long Blades
  1318 | D:3      | Reached XP level 4. HP: 33/40 MP: 3/3
  1594 | D:3      | Reached skill level 4 in Long Blades
  1594 | D:3      | Reached skill level 1 in Dodging
  1746 | D:3      | Found a runed translucent door.
  1747 | D:3      | Noticed Gravitas's ghost (weakling DsFE)
  1897 | D:3      | Noticed Terence
  1900 | D:3      | Killed Terence
  1901 | D:3      | Reached XP level 5. HP: 47/47 MP: 4/4
  2499 | D:4      | Noticed a black bear
  2520 | D:4      | Killed a black bear
  2521 | D:4      | Reached skill level 5 in Long Blades
  2521 | D:4      | Reached skill level 5 in Armour
  2521 | D:4      | Reached XP level 6. HP: 46/53 MP: 5/5
  2589 | D:4      | Found a sparkling altar of Nemelex Xobeh.
  2589 | D:4      | Found a basalt altar of Yredelemnul.
  2589 | D:4      | Found an ancient bone altar of Kikubaaqudgha.
  3080 | D:4      | Reached skill level 6 in Long Blades
  3133 | D:4      | Reached skill level 5 in Fighting
  3153 | D:4      | Reached XP level 7. HP: 46/61 MP: 6/6
  3407 | D:5      | Entered Level 5 of the Dungeon
  3479 | D:5      | Found a staircase to the Ecumenical Temple.
  3499 | Temple   | Entered the Ecumenical Temple
  3513 | Temple   | Became a worshipper of Warmaster Okawaru
  3576 | D:5      | Reached skill level 5 in Shields
  4290 | D:6      | Reached * piety under Okawaru
  4291 | D:6      | Reached skill level 7 in Long Blades
  4347 | D:6      | Reached XP level 8. HP: 70/70 MP: 7/7
  4695 | D:6      | Noticed Grinder
  4716 | D:6      | Killed Grinder
  4717 | D:6      | Reached skill level 8 in Long Blades
  5043 | D:6      | Noticed Blork the orc
  5057 | D:6      | Killed Blork the orc
  5705 | D:7      | Reached skill level 1 in Stealth
  5705 | D:7      | Reached skill level 1 in Evocations
  5714 | D:7      | Reached XP level 9. HP: 43/78 MP: 8/8
  5869 | D:7      | Killed an unseen horror
  6055 | D:7      | Reached ** piety under Okawaru
  6437 | D:8      | Reached skill level 9 in Long Blades
  7152 | D:8      | Identified the +5 flail "Unogot Ylei" {drain, rPois Int-4
                  | Dex+3}
  7279 | D:9      | Reached skill level 10 in Long Blades
  7371 | D:9      | Paralysed by a hornet for 2 turns
  7371 | D:9      | HP: 1/109 [hornet (8)]
  7372 | D:9      | Slain by a hornet

Illustrated notes

Levels and vault maps discovered:
D:1:      evilmike_arrival_rings, layout_rooms
D:2:      layout_basic
D:3:      layout_basic, ebering_ghost_reflecting_pool, uniq_terence
D:4:      nicolae_cairo_tiling_very_big, layout_loops_ring,
          gammafunk_temple_overflow_claw, nrook_mini_vaults,
          grunt_ministairs_15, minmay_close_crescents
D:5:      layout_rooms, minmay_temple_entry_wispy
D:6:      layout_cave_pools, serial_park, serial_park_tiny_2, serial_park_gazebo
          [serial_park_minivault_5x5_3], serial_park_tiny_2, serial_park_tiny_1,
          roderic_roman_lattice, minivault_19, uniq_blork_the_orc, uniq_grinder
D:7:      layout_rooms
D:8:      layout_basic
D:9:      layout_rooms, mainiacjoe_overflow_boulevard, grunt_ministairs_5
Temple:   regret_index_temple_chain_breaker

Skill      XL: |  1  2  3  4  5  6  7  8  9 |
---------------+----------------------------+-----
Armour         | 4 5 6 7 8 |  8.8
Shields        | 4 5 6 8 |  8.4
Fighting       | 4 5 6 7 |  7.0
Long Blades    | 3 4 5 6 7 8 10 | 10.1
Dodging        | 1 2 3 |  3.6
Stealth        | 1 |  1.1
Evocations     | 1 |  1.0
Invocations    | |  0.1

Action                     |  1- 3 |  4- 6 |  7- 9 || total
---------------------------+-------+-------+-------++-------
  Melee: Long sword        |    94 |    93 |   277 ||   464
         Headbutt          |    11 |    13 |    55 ||    79
 Invoke: Heroism           |       |       |     2 ||     2
  Evoke: Wand              |       |       |     2 ||     2
    Use: Potion            |     3 |       |     4 ||     7
         Scroll            |     2 |     1 |     2 ||     5
   Stab: Paralysed         |       |       |     2 ||     2
 Armour: Scale mail        |    51 |    26 |   116 ||   193
  Dodge: Dodged            |    56 |    20 |    94 ||   170
  Block: Buckler           |    32 |    13 |       ||    45
         Tower shield      |       |    38 |   277 ||   315
